 Dungeon Crawl Stone Soup version 0.30-a0-4-ga7cffc901d (webtiles) character file.

Game seed: 18064484195591037218

5884 xian the Markself (level 10, -13/54 HPs)
             Began as a Deep Elf Hunter on Aug 21, 2022.
             Was a High Priest of Hepliaklqana.
             Hit by a large rock thrown by a cyclops (21 damage)
             ... on level 12 of the Dungeon.
             The game lasted 00:33:15 (8738 turns).

xian the Markself (Deep Elf Hunter)                 Turns: 8738, Time: 00:33:16

Health: -13/54     AC: 31    Str: 12    XL:     10   Next: 52%
Magic:  8/13       EV:  7    Int: 15    God:    Hepliaklqana [*****.]
Gold:   390        SH:  5    Dex: 18    Spells: 9/9 levels left

rFire   . . .      SeeInvis .    a - +0 shortbow
rCold   x . .      Faith    .    (shield currently unavailable)
rNeg    + + +      Spirit   .    u - +12 chain mail of the Crypt {Harm rElec}
rPois   .          Reflect  +    (no helmet)
rElec   +          Harm     +    s - +1 cloak
rCorr   .          Rampage  .    n - +2 pair of gloves
Will    ++...                    (no boots)
Stlth   ..........               A - amulet of reflection
HPRegen 0.18/turn                o - ring of the Commoners {rC- rN++ Will+ AC+4 Stlth+}
MPRegen 0.13/turn                l - ring of positive energy

@: no status effects
A: reduced essence
a: Renounce Religion, Recall Ancestor, Ancestor Identity, Transference, Idealise


You were on level 12 of the Dungeon.
You worshipped Hepliaklqana.
Hepliaklqana was extremely pleased with you.
You visited 1 branch of the dungeon, and saw 10 of its levels.
You also visited: Ossuary.

You collected 590 gold pieces.
You spent 200 gold pieces at shops.

Inventory:

Hand Weapons
 a - a +0 shortbow (weapon)
 m - a +3 whip
Armour
 n - a +2 pair of gloves (worn)
 s - a +1 cloak (worn)
 u - the +12 chain mail of the Crypt (worn) {Harm rElec}
   (You found it on level 4 of the Dungeon)

   rElec:     It insulates you from electricity.
   Harm:      It increases damage dealt and taken.
Jewellery
 l - a ring of positive energy (right hand)
 o - the ring of the Commoners (left hand) {rC- rN++ Will+ AC+4 Stlth+}
   (You found it on level 2 of the Dungeon)

   [ring of protection]

   AC:        It affects your AC (+4).
   rC:        It makes you vulnerable to cold.
   rN:        It greatly protects you from negative energy.
   Will:      It increases your willpower.
   Stlth:     It makes you more stealthy.
 q - an amulet of regeneration
 A - an amulet of reflection (around neck)
Wands
 h - a wand of iceblast (8)
 v - a wand of polymorph (18)
 x - a wand of charming (9)
 C - a wand of flame (13)
Scrolls
 b - 3 scrolls of immolation
 e - 8 scrolls of blinking
 f - a scroll of poison
 j - 3 scrolls of teleportation
 k - 3 scrolls of magic mapping
 p - 2 scrolls of silence
 w - 2 scrolls of enchant armour
 y - a scroll of identify
Potions
 c - a potion of haste
 d - 2 potions of resistance
 g - 2 potions of curing
 i - 3 potions of invisibility
 r - a potion of cancellation
 t - 2 potions of magic
 z - 5 potions of flight
 B - a potion of berserk rage


   Skills:
 + Level 5.8 Fighting
 + Level 15.9 Ranged Weapons
 + Level 4.9 Armour
 + Level 3.8 Dodging
 + Level 2.4 Stealth
 + Level 2.8 Shields
 + Level 1.4 Invocations
 + Level 1.7 Evocations


You had 9 spell levels left.
You didn't know any spells.
Your spell library contained the following spells:

 Spells                   Type           Power      Damage    Failure   Level
 Sting                    Tmut/Pois      0%         1d3       100%        1
 Summon Small Mammal      Summ           0%         N/A       100%        1
 Poisonous Vapours        Pois/Air       0%         N/A       100%        2
 Call Canine Familiar     Summ           0%         N/A       100%        3
 Conjure Flame            Conj/Fire      0%         6-21      100%        3
 Gell's Gravitas          Tloc           0%         N/A       100%        3
 Ignite Poison            Fire/Tmut/Pois 0%         N/A       100%        3
 Lesser Beckoning         Tloc           0%         N/A       100%        3
 Summon Guardian Golem    Hex/Summ       0%         N/A       100%        3
 Teleport Other           Tloc           0%         N/A       100%        3
 Olgreb's Toxic Radiance  Pois           0%         N/A       100%        4
 Sticky Flame             Conj/Fire      0%         2d3       100%        4


Dungeon Overview and Level Annotations

Branches:
Dungeon (9/15)             Temple (0/1) D:4            Lair (0/5) D:8
Ossuary (visited)
    Orc: D:9-12

Altars:
Ashenzari
Cheibriados
Gozag
Hepliaklqana
Makhleb
Okawaru
Vehumet
Wu Jian
Yredelemnul
Zin

Shops:
D:6 =(*?=   D:8 (

Annotations:
D:7 Joseph
D:9 1 transporter


Message History

You are too injured to fight recklessly!
You are too injured to fight recklessly!
Fire: a) +0 shortbow
Press: ? - help, Q - select action, (/) - cycle Shift-Dir - straight line, f - cyclops
Aim: a cyclops, quivering large rocks (moderately wounded, ally target, 89% to hit)
You shoot an arrow. Porkins avoids your attack.
The arrow hits the cyclops but does no damage.
The cyclops is moderately wounded.
The cyclops hits porkins.
Porkins hits the cyclops but does no damage.
Hepliaklqana grants porkins healing and protection!
Porkins is fully restored!
Porkins hits the cyclops with a +0 flail!!
The cyclops hits porkins.
You are too injured to fight recklessly!
Fire: a) +0 shortbow
Press: ? - help, Q - select action, (/) - cycle Shift-Dir - straight line, f/p - cyclops
Aim: a cyclops, quivering large rocks (almost dead, ally target, 89% to hit)
You shoot an arrow. Porkins avoids your attack.
The arrow hits the cyclops but does no damage.
The cyclops is almost dead.
Porkins hits the cyclops with a +0 flail.
The cyclops hits porkins!
Fire: a) +0 shortbow
Press: ? - help, Q - select action, (/) - cycle Shift-Dir - straight line, f/p - cyclops
Aim: a cyclops, quivering large rocks (almost dead, not watching you, ally target, 89% to hit)
You shoot an arrow. Porkins avoids your attack.
The arrow hits the cyclops.
The cyclops is almost dead.
Porkins hits the cyclops with a +0 flail!!
The cyclops dies!
Porkins blocks the cyclops's attack.
Fire: a) +0 shortbow
Press: ? - help, Q - select action, (/) - cycle Shift-Dir - straight line, f - cyclops
Aim: a cyclops, quivering large rocks (ally target, 89% to hit)
You shoot an arrow. Porkins avoids your attack.
The arrow hits the cyclops.
The cyclops is lightly wounded.
Porkins hits the cyclops with a +0 flail!!
The cyclops throws a large rock.
The large rock closely misses porkins.
The large rock hits you!!
You die...

...≈...# $# .......# .#
.......# .#
##'#...######.#
u..#...C......#
...#.........########
...+.............>..
...#..........###.######
...#.#####..#.##@..<...#
............#.##..#.##.#
.###.#####..#.##..# .#
.........#.##R.# .#
.####.#.CC.(C.#
#.......#.# ###.###.#.#
#.# #.#.# #.# #.#.#


You could see the friendly porkins the knight (idealised) and a cyclops (ally
target).

Vanquished Creatures
  An ugly thing (D:12)
  Sigmund (D:4)
  4 yaks (D:9)
  An acid dragon (D:8)
  A water moccasin (D:7)
  An ogre (D:6)
  A centaur (D:6)
  A phantom (D:7)
  A necrophage (D:6)
  A gnoll sergeant (D:9)
  2 killer bees (D:6)
  4 howler monkeys
  2 hounds (D:5)
  2 human zombies (Ossuary)
  2 orc priests
  3 orc wizards
  2 iguanas
  A mummy (Ossuary)
  8 gnolls
  3 adders
  A shadow imp (D:5)
  2 white imps
  2 ufetubi
  An adder zombie (Ossuary)
  2 worms (D:2)
  4 dart slugs
  7 orcs
  5 ball pythons
  5 bats
  3 endoplasms (D:1)
  4 giant cockroaches
  8 goblins
  10 hobgoblins
  5 jackals
  3 quokkas
  2 frilled lizards
  A gnoll zombie (Ossuary)
  A jackal zombie (Ossuary)
  3 kobolds
  An orc zombie (Ossuary)
  4 rats
116 creatures vanquished.

Vanquished Creatures (collateral kills)
  A two-headed ogre (D:8)
  A cyclops (D:12)
  Maggie (D:7)
  A wraith (D:9)
  2 yaks (D:9)
  An orc warrior (D:8)
  An ogre (D:6)
  A centaur (D:9)
  An elf zombie (Ossuary)
  A necrophage (D:5)
  2 gnoll sergeants
  A scorpion (D:4)
  5 killer bees (D:7)
  2 jellies
  2 howler monkeys
  3 hounds
  A human zombie (Ossuary)
  A gnoll bouda (D:8)
  5 orc priests
  2 iguanas
  6 orc wizards
  3 mummies (Ossuary)
  14 gnolls
  2 adders (D:2)
  A white imp (D:6)
  A worm (D:4)
  10 orcs
  A giant cockroach (D:3)
  2 goblins
  A hobgoblin (D:3)
  5 jackals
  A ball python (D:3)
  2 goblin zombies (Ossuary)
  A kobold zombie (Ossuary)
  An orc zombie (Ossuary)
86 creatures vanquished.

Vanquished Creatures (others)
  An ogre (D:5)
  4 knights
5 creatures vanquished.

Grand Total: 207 creatures vanquished

Notes
Turn   | Place    | Note
-------+----------+-------------------------------------------
     0 | D:1      | xian the Deep Elf Hunter began the quest for the Orb.
     0 | D:1      | Reached XP level 1. HP: 12/12 MP: 3/3
    10 | D:1      | Reached XP level 2. HP: 16/16 MP: 4/4
    14 | D:1      | Reached skill level 6 in Ranged Weapons
   441 | D:1      | Found a faded altar of an unknown god.
   458 | D:1      | Reached XP level 3. HP: 20/20 MP: 5/5
   462 | D:1      | Prayed at the altar of an unknown god.
   462 | D:1      | Became a worshipper of Hepliaklqana the Forgotten
   462 | D:1      | Reached * piety under Hepliaklqana
  1260 | D:2      | Reached skill level 7 in Ranged Weapons
  1260 | D:2      | Reached XP level 4. HP: 21/23 MP: 6/6
  1406 | D:2      | Reached ** piety under Hepliaklqana
  1407 | D:2      | Remembered your ancestor porkins as a knight
  1528 | D:2      | Reached XP level 5. HP: 27/27 MP: 7/7
  1537 | D:2      | Identified the ring of the Commoners {rC- rN++ Will+ AC+4
                  | Stlth+}
  1881 | D:2      | Reached skill level 8 in Ranged Weapons
  2355 | D:3      | Found a snail-covered altar of Cheibriados.
  2585 | D:3      | Reached *** piety under Hepliaklqana
  3279 | D:4      | Identified the +12 chain mail of the Crypt {Harm rElec}
  3565 | D:4      | Found a staircase to the Ecumenical Temple.
  3567 | D:4      | Reached skill level 9 in Ranged Weapons
  3567 | D:4      | Reached XP level 6. HP: 31/31 MP: 8/8
  3569 | D:4      | Reached skill level 1 in Armour
  3936 | D:4      | Noticed Sigmund
  3947 | D:4      | Killed Sigmund
  3948 | D:4      | Reached XP level 7. HP: 36/36 MP: 9/9
  3960 | D:4      | Found an iron altar of Okawaru.
  4074 | D:5      | Entered Level 5 of the Dungeon
  4115 | D:5      | Reached skill level 10 in Ranged Weapons
  4557 | D:5      | Reached **** piety under Hepliaklqana
  4868 | D:6      | Reached skill level 11 in Ranged Weapons
  4881 | D:6      | Reached XP level 8. HP: 41/41 MP: 10/10
  4892 | D:6      | Found a sand-covered staircase.
  4897 | Ossuary  | Entered an ossuary
  5161 | D:6      | Found Gal Reos's Magic Scroll Shoppe.
  5177 | D:6      | Bought a scroll of identify for 20 gold pieces
  5177 | D:6      | Bought a scroll of teleportation for 30 gold pieces
  5177 | D:6      | Bought a scroll of blinking for 75 gold pieces
  5180 | D:6      | Reached skill level 12 in Ranged Weapons
  5543 | D:6      | Found a radiant altar of Vehumet.
  5543 | D:6      | Found an ornate altar of the Wu Jian Council.
  5690 | D:6      | Found an opulent altar of Gozag.
  5712 | D:6      | Found Kiskao's Weapon Boutique.
  5822 | D:6      | Found a glowing silver altar of Zin.
  5832 | D:6      | Reached ***** piety under Hepliaklqana
  5890 | D:6      | Found Humn's General Store.
  5899 | D:6      | Bought a scroll of noise for 15 gold pieces
  5899 | D:6      | Bought 2 scrolls of identify for 60 gold pieces
  5925 | D:6      | Reached skill level 13 in Ranged Weapons
  6223 | D:6      | Found Xeocuck's Jewellery Boutique.
  6346 | D:6      | Found Tystotiv's Jewellery Shop.
  6423 | D:7      | Noticed Joseph
  6673 | D:7      | Noticed Maggie
  7143 | D:7      | Killed Maggie
  7144 | D:7      | Reached XP level 9. HP: 35/46 MP: 6/11
  7288 | D:7      | Reached skill level 1 in Shields
  7584 | D:7      | Reached skill level 14 in Ranged Weapons
  7705 | D:8      | Noticed a two-headed ogre
  7714 | D:8      | Killed a two-headed ogre
  7715 | D:8      | Reached skill level 1 in Invocations
  7715 | D:8      | Reached skill level 1 in Evocations
  7862 | D:8      | Found a broken altar of Ashenzari.
  7903 | D:8      | Found a staircase to the Lair.
  8090 | D:8      | Found Pujed's Weapon Emporium.
  8235 | D:9      | Reached skill level 15 in Ranged Weapons
  8235 | D:9      | Reached XP level 10. HP: 52/52 MP: 12/12
  8303 | D:9      | Reached skill level 5 in Fighting
  8417 | D:9      | Noticed a two-headed ogre
  8484 | D:9      | Found a basalt altar of Yredelemnul.
  8584 | D:9      | Found a burning altar of Makhleb.
  8585 | D:9      | Noticed a skeletal warrior
  8587 | D:9      | Noticed a tengu warrior
  8588 | D:9      | Found a transporter.
  8592 | D:9      | You fall into a shaft and drop 3 floors!
  8669 | D:12     | Noticed a purple ugly thing
  8673 | D:12     | Noticed a cyclops
  8687 | D:12     | Killed a purple ugly thing
  8687 | D:12     | Noticed a green ugly thing
  8710 | D:12     | Noticed a cyclops
  8737 | D:12     | Killed a cyclops
  8738 | D:12     | Hit by a large rock thrown by a cyclops

Illustrated notes

Levels and vault maps discovered:
D:1:      roderic_crossed_star, layout_basic, shapermc_ecumenical_altar_ellora,
          dk_noncrumbling_2
D:2:      layout_loops_corners
D:3:      layout_basic, mainiacjoe_overflow_surrounded_room,
          grunt_decor_fettered, interstate_on_off, grunt_decor_mini_mirrors
D:4:      layout_basic, kennysheep_okawaru_gauntlet,
          minmay_temple_entry_proselytizer, uniq_sigmund
D:5:      layout_loops_ring, chequers_serial_rivers_micro_d,
          minmay_fractal_squares_diagonal_5
D:6:      cheibrodos_quashed, layout_basic, lemuel_coloured_pillars_altar,
          jmf_multi_god_temple, old_standard_altar, serial_shops,
          nicolae_shop_waterfront, nicolae_square_shop, nicolae_lakefront_shop,
          nicolae_stop_n_shop_1, nicolae_stop_n_shop_2,
          nicolae_ossuary_entry_false_entrances
D:7:      layout_rooms, uniq_maggie, uniq_joseph
D:8:      layout_rooms, ashenzari_conservatory_becter, lair_entry_dummy,
          serial_shops, shop
D:9:      layout_roguey, gammafunk_temple_overflow_arena,
          mainiacjoe_overflow_tiny_flanked, gammafunk_temple_overflow_pools,
          serial_ice, serial_ice_k, serial_ice_b, serial_ice_o, serial_ice_e,
          serial_shops, nicolae_stop_n_shop_1, grunt_decor_one_mirror,
          minivault_19
D:12:     layout_basic

Skill      XL: |  1  2  3  4  5  6  7  8  9 10 |
---------------+-------------------------------+-----
Ranged Weapons | 6 7 9 11 13 15 | 15.9
Fighting       | 2 3 4 5 |  5.8
Armour         | 1 2 3 4 |  4.9
Stealth        | 2 |  2.4
Dodging        | 3 |  3.8
Shields        | 2 |  2.8
Invocations    | 1 |  1.4
Evocations     | 1 |  1.7

Action                   |  1- 3 |  4- 6 |  7- 9 | 10-12 || total
-------------------------+-------+-------+-------+-------++-------
Melee: Short sword       |       |       |    11 |       ||    11
 Fire: Shortbow          |    79 |   117 |   226 |    77 ||   499
Invok: Ancestor Identity |     1 |       |       |       ||     1
       Ancestor Life: Kn |       |     1 |       |       ||     1
       Recall Ancestor   |       |       |     2 |     1 ||     3
       Idealise          |       |       |     1 |     1 ||     2
Evoke: Wand              |       |       |     5 |       ||     5
  Use: Scroll            |       |     6 |    11 |     3 ||    20
       Potion            |       |       |     6 |       ||     6
Armor: Leather armour    |     6 |     2 |       |       ||     8
       Chain mail        |       |     5 |   204 |    13 ||   222
Dodge: Dodged            |    23 |     6 |    46 |    12 ||    87
Block: Other             |       |       |    35 |     7 ||    42
       Reflection        |       |       |       |     1 ||     1

Table legend: (Time is in decaauts)
 A = Elapsed time spent in this place.
 B = Non-inter-level travel time spent in this place.
 C = Inter-level travel time spent in this place.
 D = Time resting spent in this place.
 E = Time spent auto-exploring this place.
 F = Levels seen in this place.
 G = Mean time per level.
                   A        B        C        D        E       F      G
               +--------+--------+--------+--------+--------+-----+--------+
         Total |   8905 |   8481 |    424 |    411 |   6144 |  11 |  809.5 |
       Dungeon |   8676 |   8252 |    424 |    411 |   6144 |  10 |  867.6 |
       Ossuary |    229 |    229 |      0 |      0 |      0 |   1 |  229.0 |
               +--------+--------+--------+--------+--------+-----+--------+

Top non-repeatable levels by time:
     D:6: 1853 daAuts
     D:1: 1208 daAuts
     D:4: 1166 daAuts
     D:2: 908 daAuts
     D:3: 837 daAuts
     D:5: 799 daAuts
     D:7: 782 daAuts
     D:8: 614 daAuts
     D:9: 353 daAuts
 Ossuary: 229 daAuts
    D:12: 151 daAuts
